 Dungeon Crawl Stone Soup version 0.28.0 (webtiles) character file.

Game seed: 4519873478705391974

165 sanka the Firebug (level 5, 0/36 HPs)
             Began as a Vampire Fire Elementalist on Feb 10, 2022.
             Slain by a hound (2 damage)
             ... on level 4 of the Dungeon.
             The game lasted 00:05:13 (4359 turns).

sanka the Firebug (Vampire Fire Elementalist)       Turns: 4359, Time: 00:05:14

Health: 0/36       AC:  2    Str:  5 (7)  XL:     5   Next: 22%
Magic:  4/8        EV: 12    Int: 16 (19) God:
Gold:   203        SH:  0    Dex: 13 (15) Spells: 5/8 levels left

rFire   + + .      SeeInvis +   h - staff of fire
rCold   . . .      Faith    .   (no shield)
rNeg    . . .      Spirit   .   a - +0 robe
rPois   .          Reflect  .   (no helmet)
rElec   .          Harm     .   u - scarf {+Inv}
rCorr   .          Rampage  .   (no gloves)
Will    .....                   (no boots)
Stlth   ++........              (no amulet)
HPRegen 0.32/turn               s - ring of protection from fire
MPRegen 0.11/turn               (no ring)

@: healing quickly
A: alive, fangs 3, see invisible, vampiric 2
a: Exsanguinate, Evoke Invisibility


You were on level 4 of the Dungeon.
You visited 1 branch of the dungeon, and saw 4 of its levels.

You collected 203 gold pieces.

Inventory:

Hand Weapons
 m - a +0 trident
Missiles
 b - a throwing net
 f - 5 curare-tipped darts
 l - 4 silver javelins
Armour
 a - a +0 robe (worn)
 u - a scarf of invisibility (worn)
Magical Staves
 h - a staff of fire (weapon)
Jewellery
 s - a ring of protection from fire (left hand)
Scrolls
 i - 2 scrolls of identify {unknown}
 j - 3 scrolls of blinking {unknown}
 k - a scroll of fear {unknown}
 o - a scroll of silence {unknown}
 p - a scroll of amnesia {unknown}
 r - 2 scrolls of fog {unknown}
 v - a scroll of teleportation {unknown}
Potions
 d - a potion of curing {unknown}
 e - 2 potions of degeneration
 g - a potion of lignification {unknown}
 n - a potion of attraction {unknown}
 q - a potion of resistance {unknown}
 t - a potion of might {unknown}


   Skills:
 + Level 0.8 Fighting
 + Level 2.6 Dodging
 - Level 3.0 Stealth
 + Level 2.3 Spellcasting
 - Level 2.0 Conjurations
 - Level 4.0 Fire Magic


You had 5 spell levels left.
You knew the following spells:

 Your Spells              Type           Power      Damage    Failure   Level
a - Foxfire               Conj/Fire      68%        2x1d7     6%          1
b - Scorch                Fire           42%        2d7       6%          2

Your spell library contained the following spells:

 Spells                   Type           Power      Damage    Failure   Level
 Conjure Flame            Conj/Fire      17%        6-21      19%         3
 Inner Flame              Hex/Fire       12%        N/A       26%         3
 Flame Wave               Conj/Fire      17%        2d6       52%         4


Dungeon Overview and Level Annotations

Branches:
Dungeon (4/15)
 Temple: D:4-7

Altars:

Shops:
D:3 *


Innate Abilities, Weirdness & Mutations

Your natural rate of healing is accelerated.
You have razor-sharp teeth.
You have supernaturally acute eyesight. (SInv)
You are afflicted with vampirism and can become a bat while bloodless.


Message History

* * * LOW HITPOINT WARNING * * *
x2 Unknown command.
Your magical contamination has completely faded away.
Edmund is no longer more vulnerable to fire.
Edmund says, "People accused me of being a cutpurse!"
Casting: Scorch (safe; 4% risk of failure)
Confirm with . or Enter, or press ? or * to list all spells.
You feel a surge of power!
You miscast Scorch.
You are very lightly contaminated with residual magic.
Nothing appears to happen.
Edmund hits you with a +3 vorpal flail!
* * * LOW HITPOINT WARNING * * *
x2 Unknown command.
The hound bites you.
* * * LOW HITPOINT WARNING * * *
The hound bites you but does no damage. The hound closely misses you.
Your magical contamination has completely faded away.
The hound bites you.
* * * LOW HITPOINT WARNING * * *
The hound closely misses you.
It was a potion of degeneration.
There was something very wrong with that liquid.
You feel weakened.
You feel dopey.
You feel clumsy. The hound barely misses you.
It was a potion of magic.
Magic courses through your body. The hound bites you.
* * * LOW HITPOINT WARNING * * *
The hound bites you but does no damage.
Okay, then.
Casting: Scorch (safe; 6% risk of failure)
Confirm with . or Enter, or press ? or * to list all spells.
You feel a surge of power!
Flames lash Edmund.
Edmund is almost dead.
Edmund's fire resistance burns away.
The hound bites you.
* * * LOW HITPOINT WARNING * * *
Casting: Scorch (safe; 6% risk of failure)
Confirm with . or Enter, or press ? or * to list all spells.
You feel a surge of power!
Flames lash Edmund.
Edmund is burned terribly!
You kill Edmund!
The hound bites you.
You die...

### #.###########
#.......#.... #.#####.#.###
#.# #.#.# ### #.# #.#.###
#.#######.# #.#.##.
#.)h@.....# #.#.##. ########
#.######### #.#.##. #......#
#.# #.#.##. #......# #.#
#.#...# #......###.########
#.###.# #.....>+..........##
#.#....
#......#.#.#.####..#####.#.#.#
#.............................
########.###.#####.#####.#.#.#


You could see a hound.

Vanquished Creatures
  Edmund (D:4)
  A centaur zombie (D:3)
  An orc priest (D:3)
  4 adders
  An adder skeleton (D:4)
  2 dart slugs (D:1)
  8 orcs (D:3)
  4 bats
  7 endoplasms
  4 giant cockroaches
  4 goblins
  A hobgoblin (D:3)
  5 kobolds
  2 quokkas
  3 ball pythons
  2 frilled lizards
  9 rats
59 creatures vanquished.

Vanquished Creatures (others)
  172 foxfires
  A plant (D:1)
173 creatures vanquished.

Grand Total: 232 creatures vanquished

Notes
Turn   | Place    | Note
-------+----------+-------------------------------------------
     0 | D:1      | sanka the Vampire Fire Elementalist began the quest for the
                  | Orb.
     0 | D:1      | Reached XP level 1. HP: 13/13 MP: 3/3
   191 | D:1      | Reached skill level 1 in Conjurations
   306 | D:1      | Reached XP level 2. HP: 19/19 MP: 1/5
   313 | D:1      | Learned a level 2 spell: Scorch
  1625 | D:1      | Reached skill level 3 in Fire Magic
  1635 | D:1      | Gained mutation: You are afflicted with vampirism and can
                  | become a bat while bloodless. [Vampire growth]
  1635 | D:1      | Reached XP level 3. HP: 14/24 MP: 0/6
  1741 | D:1      | Found a faded altar of an unknown god.
  2928 | D:2      | Reached XP level 4. HP: 22/30 MP: 1/7
  3435 | D:3      | Reached skill level 4 in Fire Magic
  3560 | D:3      | Reached XP level 5. HP: 21/36 MP: 0/8
  3650 | D:3      | Found Kedghogikk's General Store.
  4318 | D:4      | Noticed Edmund
  4358 | D:4      | HP: 1/36 [hound (2)]
  4359 | D:4      | Killed Edmund
  4359 | D:4      | Slain by a hound

Illustrated notes

Levels and vault maps discovered:
D:1:      dpeg_arrival_rooms_with_view, layout_rooms,
          shapermc_ecumenical_altar_mp_vishouse, minmay_strange_pillars,
          grunt_decor_clamped, chequers_big_river
D:2:      layout_rooms
D:3:      layout_basic, serial_shops, nicolae_square_shop,
          palyth_stone_intersect
D:4:      layout_basic, amcnicky_altar_gilded, serial_glass, glass_columns_a,
          glass_columns_a, serial_shops, shop, minmay_misc_feat_diagonals,
          minmay_between, uniq_edmund

Skill      XL: |  1  2  3  4 |
---------------+-------------+-----
Conjurations   | 1 2 |  2.0
Fire Magic     | 3 4 |  4.0
Fighting       | |  0.8
Dodging        | |  2.6
Stealth        | |  3.0
Spellcasting   | |  2.3

Action                   |  1- 3 |  4- 6 || total
-------------------------+-------+-------++-------
Melee: Unarmed           |     1 |       ||     1
       Staff             |     1 |       ||     1
 Cast: Foxfire           |    75 |    28 ||   103
       Scorch            |       |    11 ||    11
  Use: Potion            |       |     2 ||     2
Armor: Robe              |     4 |     3 ||     7
Dodge: Dodged            |    10 |     9 ||    19
